 Dungeon Crawl Stone Soup version 0.22-b1-59-g0aedee7 (webtiles) character file.

91 MTVSty1e the Chopper (level 4, -4/28 HPs)
             Began as a Gargoyle Monk on Aug 9, 2018.
             Slain by Sigmund
             ... wielding a +0 scythe
              (9 damage)
             ... on level 3 of the Dungeon.
             The game lasted 00:01:27 (1528 turns).

MTVSty1e the Chopper (Gargoyle Monk)                Turns: 1528, Time: 00:01:28

Health: -4/28      AC:  8    Str: 15    XL:     4   Next: 57%
Magic:  4/4        EV: 11    Int: 11    God:
Gold:   104        SH:  0    Dex: 12    Spells: 3/3 levels left

rFire    . . .     SeeInvis .   a - +0 hand axe
rCold    . . .     Gourm    .   (no shield)
rNeg     + . .     Faith    .   e - +0 ring mail
rPois    ∞         Spirit   .   (no helmet)
rElec    +         Reflect  .   (no cloak)
rCorr    .         Harm     .   (no gloves)
MR       .....                  (no boots)
Stlth    +.........             (no amulet)
HPRegen  0.09/turn              (no ring)
MPRegen  0.09/turn              (no ring)

@: hasted, very quick
A: negative energy resistance 1, electricity resistance, unbreathing,
petrification resistance, rot immunity, AC +3
a: no special abilities


You were on level 3 of the Dungeon.
You were not hungry.

You visited 1 branch of the dungeon, and saw 3 of its levels.

You collected 104 gold pieces.

Inventory:

Hand Weapons
 a - a +0 hand axe (weapon)
Armour
 b - a +0 robe
 e - a +0 ring mail (worn)
Jewellery
 n - an uncursed ring of ice {unknown}
Scrolls
 d - a scroll of enchant weapon {unknown}
 g - 2 scrolls of noise {unknown}
 j - a scroll of fear {unknown}
 k - a scroll of teleportation {unknown}
 m - a scroll of enchant armour {unknown}
 o - 3 scrolls of identify {unknown}
 p - a scroll of remove curse {unknown}
Potions
 f - 2 potions of haste
 h - 2 potions of might {unknown}
 i - a potion of lignification {unknown}
 l - a potion of agility {unknown}
 q - a potion of degeneration {unknown}
 r - a potion of curing {unknown}
 s - a potion of flight {unknown}
Comestibles
 c - 3 rations
 t - a chunk of flesh


   Skills:
 - Level 3.2 Fighting
 + Level 4.7 Axes
 - Level 2.4 Dodging
 - Level 2.1 Stealth


You had 3 spell levels left.
You didn't know any spells.
Your spell library was empty.

Dungeon Overview and Level Annotations

Branches:
Dungeon (3/15)

Altars:

Annotations:
D:3 Sigmund


Innate Abilities, Weirdness & Mutations

You are resistant to torment.
Your stone body is resilient. (AC +3)
You are immune to poison.
You resist negative energy. (rN+)
You are resistant to electric shocks. (rElec)
You can survive without breathing.
You are immune to petrification.
You are immune to rotting.


Message History

Deactivating autopickup; reactivate with Ctrl-A.
No target in view!
No target in view!
No target in view!
No target in view!
No target in view!
No target in view!
No target in view!
You closely miss something. Something hits you but does no damage.
You closely miss something. Something hits you.
You barely miss something. You hit something.
You hear some strange, mumbled words.
A magic dart appears from out of thin air!
The magic dart hits you!
* * * LOW HITPOINT WARNING * * *
You miss something. Something hits you but does no damage.
You barely miss something. Something hits you but does no damage.
It was a potion of haste.
You feel yourself speed up. Something hits you!
You die...

### #.. ... #.#
#.. #.# #.# #.#
#.# #.# #.# #{#
#.# ##@###.#
#.##...##.####
#.?..#.......#
####...####..#
##.## #..# #.
#..# # #. #..#
## #.
#.#####..####.#
.###
#..........##.#


There were no monsters in sight!

Vanquished Creatures
  Natasha (D:2)
  An adder (D:2)
  An ooze (D:2)
  A worm (D:2)
  5 dart slugs
  3 leopard geckos
  3 giant cockroaches
  4 goblins
  2 hobgoblins (D:2)
  7 kobolds
  2 ball pythons (D:3)
  3 bats
  2 frilled lizards (D:2)
  6 rats
41 creatures vanquished.

Notes
Turn   | Place    | Note
-------+----------+-------------------------------------------
     0 | D:1      | MTVSty1e the Gargoyle Monk began the quest for the Orb.
     0 | D:1      | Reached XP level 1. HP: 14/14 MP: 1/1
   114 | D:1      | Reached skill level 3 in Axes
   190 | D:1      | Reached XP level 2. HP: 18/19 MP: 2/2
   636 | D:2      | Reached XP level 3. HP: 22/23 MP: 3/3
   657 | D:2      | Reached skill level 4 in Axes
   849 | D:2      | Reached XP level 4. HP: 17/28 MP: 4/4
  1113 | D:2      | Noticed Natasha
  1132 | D:2      | Killed Natasha
  1515 | D:3      | Noticed Sigmund
  1528 | D:3      | Slain by Sigmund

Skill      XL: |  1  2  3 |
---------------+----------+-----
Axes           | 3 4 |  4.7
Fighting       | |  3.2
Dodging        | |  2.4
Stealth        | |  2.1

Action                   |  1- 3 |  4- 6 || total
-------------------------+-------+-------++-------
Melee: Hand axe          |    96 |    44 ||   140
  Use: Potion            |       |     1 ||     1
  Eat: Chunk             |       |     2 ||     2
Armor: Ring mail         |    47 |    12 ||    59
Dodge: Dodged            |    58 |    26 ||    84
